 Dungeon Crawl Stone Soup version 0.30-a0-358-g0d69a1922f (webtiles) character file.

Game seed: 3785619457421930875

2137 p00ps00p the Cleaver (level 9, -8/81 HPs)
             Began as a Hill Orc Fighter on Nov 9, 2022.
             Was an Initiate of Gozag.
             Mangled by a two-headed ogre
             ... wielding a +0 giant club
              (23 damage)
             ... on level 6 of the Dungeon.
             The game lasted 00:12:20 (7708 turns).

p00ps00p the Cleaver (Hill Orc Fighter)             Turns: 7708, Time: 00:12:20

Health: -8/81      AC:  9    Str: 21    XL:     9   Next: 30%
Magic:  9/9        EV:  9    Int:  8    God:    Gozag
Gold:   531        SH: 11    Dex: 16    Spells: 8/8 levels left

rFire   . . .      SeeInvis .    d - +2 hand axe (flame)
rCold   . . .      Faith    .    c - +0 buckler
rNeg    . . .      Spirit   .    b - +0 scale mail
rPois   .          Reflect  +    (no helmet)
rElec   .          Harm     .    (no cloak)
rCorr   +          Rampage  .    (no gloves)
Will    .....                    w - +0 pair of boots
Stlth   ..........               o - amulet of the Peasants {Reflect rCorr Str-2 Dex+6 SH+5}
HPRegen 0.33/turn                (no ring)
MPRegen 0.11/turn                (no ring)

@: studying Staves
A: no striking features
a: Renounce Religion, Potion Petition, Call Merchant, Bribe Branch


You were on level 6 of the Dungeon.
You worshipped Gozag.
Gozag was pleased with you.
You visited 2 branches of the dungeon, and saw 7 of its levels.

You collected 583 gold pieces.
You paid 52 gold pieces to Gozag.

Inventory:

Hand Weapons
 a - a +0 war axe of draining
 d - a +2 hand axe of flaming (weapon)
 i - a +1 vorpal hand axe
Armour
 b - a +0 scale mail (worn)
 c - a +0 buckler (worn)
 w - a +0 pair of boots (worn)
 A - a +2 scale mail of fire resistance
Jewellery
 o - the amulet of the Peasants (around neck) {Reflect rCorr Str-2 Dex+6 SH+5}
   (You acquired it on level 5 of the Dungeon)

   [amulet of reflection]

   It reflects blocked missile attacks.
   Str:       It affects your strength (-2).
   Dex:       It affects your dexterity (+6).
   rCorr:     It protects you from acid and corrosion.
   SH:        It affects your SH (+5).
Wands
 n - a wand of charming (8)
 r - a wand of digging (2)
Scrolls
 h - 3 scrolls of identify
 t - a scroll of silence
 u - a scroll of magic mapping
Potions
 e - 2 potions of resistance {unknown}
 f - a potion of ambrosia {unknown}
 g - 3 potions of cancellation
 j - a potion of haste {unknown}
 k - a potion of mutation {unknown}
 l - 3 potions of degeneration
 m - a potion of lignification {unknown}
 q - 2 potions of flight
 s - a potion of brilliance
 v - a potion of heal wounds {unknown}
 x - a potion of attraction {unknown}
Miscellaneous
 y - a tin of tremorstones (2/2)


   Skills:
 + Level 8.0 Fighting
 + Level 8.3 Axes
 + Level 7.3 Armour
 + Level 7.4 Shields


You had 8 spell levels left.
You didn't know any spells.
Your spell library contained the following spells:

 Spells                   Type           Power      Damage    Failure   Level
 Ensorcelled Hibernation  Hex/Ice        0%         N/A       90%         2
 Hailstorm                Conj/Ice       0%         3d3       99%         3
 Spider Form              Tmut/Pois      0%         N/A       99%         3
 Anguish                  Hex/Necr       0%         N/A       100%        4
 Ice Form                 Ice/Tmut       0%         N/A       100%        4
 Fireball                 Conj/Fire      0%         3d3       100%        5
 Iskenderun's Battlesphe  Conj           0%         2d6       100%        5
 Conjure Ball Lightning   Conj/Air       0%         3x3d6     100%        6
 Orb of Destruction       Conj           0%         9d5       100%        7
 Simulacrum               Ice/Necr       Unusable   N/A       N/A         6

Dungeon Overview and Level Annotations

Branches:
Dungeon (6/15)             Temple (1/1) D:4

Altars:
Cheibriados
Elyvilon
Fedhas
Gozag
Hepliaklqana
Makhleb
Nemelex Xobeh
Okawaru
Qazlal
Ru
Sif Muna
Trog
Uskayaw
Vehumet
Wu Jian
Xom
Yredelemnul
Zin

Annotations:
D:5 4 runed translucent doors


Message History

You see here a +0 spear.
You now have 514 gold pieces (gained 6).
You now have 531 gold pieces (gained 17).
Key pressed, stopping explore.
Found a short sword.
h - 3 scrolls of identify (gained 1)
p - a potion of curing You open the door.
A two-headed ogre comes into view. It is wielding two +0 giant clubs.
The two-headed ogre shouts in stereo!
You block the two-headed ogre's attack.
The two-headed ogre hits you with a +0 giant club!
There is an open door here.
You hit the two-headed ogre. You burn the two-headed ogre.
The two-headed ogre is lightly wounded.
You hit the two-headed ogre. You burn the two-headed ogre.
The two-headed ogre is lightly wounded.
The two-headed ogre hits you with a +0 giant club.
The two-headed ogre hits you with a +0 giant club!!
You hit the two-headed ogre. You burn the two-headed ogre.
The two-headed ogre is lightly wounded.
You block the two-headed ogre's attack. x2
You slash the two-headed ogre! You burn the two-headed ogre.
The two-headed ogre is moderately wounded.
You hit the two-headed ogre but do no damage.
The two-headed ogre is moderately wounded.
The two-headed ogre hits you with a +0 giant club!
You block the two-headed ogre's attack.
You barely miss the two-headed ogre.
The two-headed ogre is moderately wounded.
The two-headed ogre hits you with a +0 giant club!!
* * * LOW HITPOINT WARNING * * *
The two-headed ogre hits you with a +0 giant club!
* * * LOW HITPOINT WARNING * * *
You hit the two-headed ogre but do no damage.
The two-headed ogre is moderately wounded.
You feel better. You block the two-headed ogre's attack.
The two-headed ogre hits you with a +0 giant club!!
You die...
Your body crumbles into a pile of gold.

#............#
#............#
#............#
+............#
#............#
#####............#
#...#............#
#...#............####
#..O@................
#####................
...#
#.......)........
...#
+................
...#
#............####
...# #............#
...# #.....#
#............# ...#
#.....#
+............####
...# #.....#
#................


You could see a two-headed ogre.

Vanquished Creatures
  Grinder (D:3)
  Menkaure (D:5)
  Duvessa (D:5)
  An ice beast (D:5)
  4 ogres
  A centaur (D:5)
  3 phantoms
  A gnoll sergeant (D:5)
  2 scorpions
  Dowan (D:5)
  A killer bee (D:5)
  2 howler monkeys
  A jelly (D:5)
  3 hounds
  5 orc priests
  3 orc wizards
  4 iguanas
  3 gnolls (D:6)
  6 adders
  2 worms
  A dart slug (D:3)
  19 orcs
  A bat skeleton (D:2)
  A bat zombie (D:2)
  9 endoplasms
  4 giant cockroaches
  4 goblins
  5 hobgoblins
  10 jackals
  10 kobolds
  3 quokkas
  9 ball pythons
  A ball python skeleton (D:2)
  8 bats
  5 frilled lizards
  A jackal skeleton (D:2)
  8 rats
145 creatures vanquished.

Notes
Turn   | Place    | Note
-------+----------+-------------------------------------------
     0 | D:1      | p00ps00p the Hill Orc Fighter began the quest for the Orb.
     0 | D:1      | Reached XP level 1. HP: 19/19 MP: 1/1
   114 | D:1      | Reached XP level 2. HP: 24/27 MP: 2/2
   640 | D:1      | Reached XP level 3. HP: 33/33 MP: 3/3
   878 | D:2      | Found a faded altar of an unknown god.
  1546 | D:3      | Reached XP level 4. HP: 40/40 MP: 4/4
  1786 | D:3      | Found a white marble altar of Elyvilon.
  1790 | D:3      | Found a shimmering altar of Xom.
  1818 | D:3      | Found a sparkling altar of Nemelex Xobeh.
  1842 | D:3      | Found a snail-covered altar of Cheibriados.
  1851 | D:3      | Noticed Grinder
  1866 | D:3      | Killed Grinder
  1867 | D:3      | Reached skill level 5 in Fighting
  1867 | D:3      | Reached XP level 5. HP: 12/48 MP: 5/5
  1867 | D:3      | Reached XP level 6. HP: 14/56 MP: 6/6
  2933 | D:4      | Reached skill level 5 in Axes
  3207 | D:4      | Found a staircase to the Ecumenical Temple.
  3232 | D:4      | Found a radiant altar of Vehumet.
  3232 | D:4      | Found a hide-covered altar of Uskayaw.
  3316 | D:4      | Reached skill level 5 in Armour
  3316 | D:4      | Reached skill level 5 in Shields
  3502 | Temple   | Entered the Ecumenical Temple
  3515 | Temple   | Became a worshipper of Gozag Ym Sagoz the Greedy
  3585 | D:5      | Entered Level 5 of the Dungeon
  3614 | D:4      | Reached XP level 7. HP: 12/61 MP: 7/7
  4107 | D:5      | Identified a scroll of acquirement
  4107 | D:5      | Acquired the amulet of the Peasants {Reflect rCorr Str-2
                  | Dex+6 SH+5}
  4582 | D:5      | Found a large runed translucent door.
  4582 | D:5      | Found a large runed translucent door.
  4583 | D:5      | Noticed a vampire mosquito
  4606 | D:5      | HP: 2/62 [orc priest/+0 short sword (5)]
  5086 | D:5      | Found a large runed translucent door.
  5086 | D:5      | Found a large runed translucent door.
  5345 | D:5      | HP: 2/63 [orc priest/nerve-wracking pain (11)]
  5984 | D:5      | Reached XP level 8. HP: 54/71 MP: 8/8
  6327 | D:5      | Noticed Duvessa
  6331 | D:5      | Noticed Dowan
  6345 | D:5      | Killed Duvessa
  6345 | D:5      | Killed Dowan
  6783 | D:5      | Noticed Menkaure
  6789 | D:5      | Killed Menkaure
  7220 | D:6      | Reached XP level 9. HP: 71/74 MP: 9/9
  7699 | D:6      | Noticed a two-headed ogre
  7708 | D:6      | Mangled by a two-headed ogre

Illustrated notes

Levels and vault maps discovered:
D:1:      reono_arrival_mine, layout_loops_ring, minmay_misc_feat_tiny,
          st_stairs_8, kennysheep_nondescript
D:2:      layout_rooms, serial_undead, serial_undead_a, serial_undead_a,
          serial_undead_d, serial_undead_d, serial_undead_f,
          shapermc_ecumenical_altar_totnotflames
D:3:      minmay_razor_zed, layout_loops_corners, grunt_temple_overflow_open,
          mainiacjoe_overflow_large_starburst, uniq_grinder
D:4:      layout_basic, gammafunk_temple_overflow_elements,
          minmay_temple_entry_drinking_statues
D:5:      layout_basic, minmay_hollow_rounded_squares, uniq_menkaure,
          uniq_duvessa
D:6:      layout_gridville, mainiacjoe_overflow_alcove_1, tso_oasis_becter
Temple:   nicolae_temple_x_marks_the_god

Skill      XL: |  1  2  3  4  5  6  7  8  9 |
---------------+----------------------------+-----
Axes           | 3 4 5 6 7 8 |  8.3
Fighting       | 4 5 6 7 8 |  8.0
Shields        | 4 5 7 |  7.4
Armour         | 4 5 6 7 |  7.3

Action                   |  1- 3 |  4- 6 |  7- 9 || total
-------------------------+-------+-------+-------++-------
Melee: War axe           |    55 |       |       ||    55
       Hand axe          |    66 |   132 |   255 ||   453
Evoke: Wand              |       |       |     4 ||     4
  Use: Scroll            |     5 |       |    10 ||    15
       Potion            |       |       |     5 ||     5
Armor: Scale mail        |    90 |    50 |    89 ||   229
Dodge: Dodged            |    82 |    64 |    72 ||   218
Block: Buckler           |    43 |    30 |   115 ||   188
       Reflection        |       |       |     3 ||     3

Table legend: (Time is in decaauts)
 A = Elapsed time spent in this place.
 B = Non-inter-level travel time spent in this place.
 C = Inter-level travel time spent in this place.
 D = Time resting spent in this place.
 E = Time spent auto-exploring this place.
 F = Levels seen in this place.
 G = Mean time per level.
                   A        B        C        D        E       F      G
               +--------+--------+--------+--------+--------+-----+--------+
         Total |   7752 |   7548 |    204 |   2460 |   3758 |   7 | 1107.4 |
       Dungeon |   7690 |   7495 |    195 |   2460 |   3720 |   6 | 1281.7 |
        Temple |     62 |     54 |      8 |      0 |     38 |   1 |   62.0 |
               +--------+--------+--------+--------+--------+-----+--------+

Top non-repeatable levels by time:
     D:5: 3444 daAuts
     D:3: 1487 daAuts
     D:4: 861 daAuts
     D:1: 774 daAuts
     D:2: 614 daAuts
     D:6: 507 daAuts
  Temple: 62 daAuts
